 Dungeon Crawl Stone Soup version 0.29.0-4-gdea44cf6ec (webtiles) character file.

Game seed: 9339628609702147436

183 qw the Chopper (level 5, -6/30 HPs)
             Began as a Tengu Warper on Aug 29, 2022.
             Mangled by a black bear (10 damage)
             ... on level 2 of the Dungeon.
             The game lasted 00:00:23 (1023 turns).

qw the Chopper (Tengu Warper)                       Turns: 1023, Time: 00:00:24

Health: -6/30      AC:  3    Str: 13    XL:     5   Next: 62%
Magic:  9/9        EV: 14    Int: 13    God:
Gold:   38         SH:  0    Dex: 14    Spells: 8/8 levels left

rFire   . . .      SeeInvis .   Y - +0 hand axe
rCold   . . .      Faith    .   (no shield)
rNeg    . . .      Spirit   .   b - +0 leather armour
rPois   .          Reflect  .   (helmet restricted)
rElec   .          Harm     .   (no cloak)
rCorr   +          Rampage  .   (no gloves)
Will    .....                   (boots unavailable)
Stlth   +.........              (no amulet)
HPRegen 0.10/turn               a - ring of resist corrosion
MPRegen 0.11/turn               (no ring)

@: flying quickly and evasively, quick
A: beak, talons 3, nimble flight
a: no special abilities


You were on level 2 of the Dungeon.
You visited 1 branch of the dungeon, and saw 2 of its levels.

You collected 38 gold pieces.


Innate Abilities, Weirdness & Mutations

You have a beak for a mouth.
You have claws for feet.
Your magical nature lets you fly swiftly and evasively.


   Skills:
 - Level 2.0 Fighting
 + Level 6.2 Axes
 - Level 1.0 Throwing
 - Level 1.1 Armour
 - Level 2.1 Dodging
 - Level 2.0 Spellcasting
 - Level 2.4 Translocations


You had 8 spell levels left.
You didn't know any spells.
Your spell library contained the following spells:

 Spells                   Type           Power      Damage    Failure   Level
 Blink                    Tloc           14%        N/A       19%         2
 Gell's Gravitas          Tloc           7%         N/A       36%         3
 Lesser Beckoning         Tloc           7%         N/A       36%         3
 Teleport Other           Tloc           7%         N/A       36%         3
 Manifold Assault         Tloc           7%         N/A       98%         5

Inventory:

Hand Weapons
 i - a +0 whip
 Y - a +0 hand axe (weapon)
Armour
 b - a +0 leather armour (worn)
 c - a +0 ring mail
Jewellery
 a - a ring of resist corrosion (left hand)
 e - a +6 ring of dexterity
Scrolls
 f - a scroll of identify
Potions
 d - a potion of curing
 g - a potion of magic {unknown}
 h - a potion of invisibility {unknown}
 j - a potion of might {unknown}

Dungeon Overview and Level Annotations

Branches:
Dungeon (2/15)

Altars:


Message History

A black bear comes into view.
The black bear growls angrily.
You slash the black bear! You claw the black bear. You peck the black bear.
The black bear is heavily wounded.
The black bear barely misses you.
The black bear claws you but does no damage.
The black bear barely misses you.
You completely miss the black bear.
The black bear is heavily wounded.
The black bear bites you. The black bear misses you. The black bear claws you.
You barely miss the black bear.
The black bear is heavily wounded.
The black bear misses you. The black bear barely misses you.
The black bear claws you.
You hit the black bear. Your peck misses the black bear.
The black bear is severely wounded.
The black bear bites you but does no damage.
The black bear misses you. x2
You closely miss the black bear. You claw the black bear.
The black bear is severely wounded.
The black bear goes berserk!
You hit the black bear but do no damage.
You peck the black bear, but do no damage.
The black bear is severely wounded.
The black bear barely misses you. The black bear misses you.
The black bear barely misses you.
You barely miss the black bear.
The black bear is severely wounded.
The black bear barely misses you. The black bear closely misses you.
The black bear claws you. The black bear barely misses you.
The black bear claws you. The black bear misses you.
You hit the black bear.
The black bear is severely wounded.
The black bear bites you. The black bear closely misses you.
The black bear claws you.
You hit the black bear but do no damage.
You peck the black bear.
The black bear is almost dead.
The black bear bites you!
You die...

########### #.........# ...
#.........######## ....
#.................
....####.<...............
#.......................
........................
.###...).................
#......h@........##)#####
.......$..>......##.#
.###..............#########.#
......#...........# #..#
..................# #.##
...<#..#.........## #.#
...J.#..#.......## #.#
...........#...## #.# .....#
.........### #.#


You could see a black bear (berserk).

Vanquished Creatures
  Sigmund (D:2)
  An adder (D:2)
  An endoplasm (D:1)
  2 giant cockroaches (D:1)
  5 goblins
  A hobgoblin (D:1)
  4 kobolds
  A ball python (D:1)
  4 bats
  A frilled lizard (D:1)
  3 rats (D:1)
24 creatures vanquished.

Notes
Turn   | Place    | Note
-------+----------+-------------------------------------------
     0 | D:1      | qw the Tengu Warper began the quest for the Orb.
     0 | D:1      | Reached XP level 1. HP: 12/12 MP: 4/4
     0 | D:1      | 0 ||| qw: Version: 0.1-a-89-g26bdef1
     0 | D:1      | 0 ||| qw: Game counter: 3431
     0 | D:1      | 0 ||| qw: Always use a shield: true
     0 | D:1      | 0 ||| qw: God list: Okawaru
     0 | D:1      | 0 ||| qw: Allow faded altars: false
     0 | D:1      | 0 ||| qw: Do Orc after D:15 true
     0 | D:1      | 0 ||| qw: Do second Lair branch before Depths: true
     0 | D:1      | 0 ||| qw: Lair rune preference: random
     0 | D:1      | 0 ||| qw: Plans: Normal
     0 | D:1      | 0 ||| PLANNING D:1-11
    90 | D:1      | 90 ||| Stepping ~*~*~tactically~*~*~ (stealth).
    92 | D:1      | 92 ||| Stepping ~*~*~tactically~*~*~ (stealth).
   119 | D:1      | Reached skill level 3 in Axes
   119 | D:1      | Reached XP level 2. HP: 17/17 MP: 6/6
   162 | D:1      | Found Ulakiom's Armour Shoppe.
   192 | D:1      | 192 ||| Stepping ~*~*~tactically~*~*~ (stealth).
   663 | D:1      | 663 ||| READING scroll labelled LUEBLOZERU.
   663 | D:1      | Identified a scroll of acquirement
   663 | D:1      | 663 ||| ACQUIRING ring of resist corrosion
   663 | D:1      | Acquired a ring of resist corrosion
   665 | D:1      | 665 ||| UPGRADING to ring of resist corrosion.
   666 | D:1      | 666 ||| READING 3 scrolls labelled ROZUHIA VU INN.
   667 | D:1      | 667 ||| READING scroll labelled GODUOZ BOR.
   668 | D:1      | 668 ||| READING 2 scrolls of identify.
   668 | D:1      | 668 ||| IDENTIFYING sedimented puce potion
   669 | D:1      | 669 ||| DROPPING scroll of blinking.
   714 | D:2      | 714 ||| Stepping ~*~*~tactically~*~*~ (stealth).
   715 | D:2      | 715 ||| Stepping ~*~*~tactically~*~*~ (stealth).
   867 | D:2      | Noticed Sigmund
   868 | D:2      | 868 ||| Stepping ~*~*~tactically~*~*~ (hiding).
   876 | D:2      | Killed Sigmund
   877 | D:2      | Reached skill level 6 in Axes
   877 | D:2      | Reached XP level 3. HP: 21/21 MP: 7/7
   877 | D:2      | Reached XP level 4. HP: 26/26 MP: 8/8
   877 | D:2      | Gained mutation: Your magical nature lets you fly swiftly
                  | and evasively. [Tengu growth]
   877 | D:2      | Reached XP level 5. HP: 30/30 MP: 9/9
   951 | D:2      | 951 ||| Stepping ~*~*~tactically~*~*~ (stealth).
  1007 | D:2      | 1007 ||| Stepping ~*~*~tactically~*~*~ (stealth).
  1010 | D:2      | Noticed a black bear
  1022 | D:2      | HP: 6/30 [black bear (6)]
  1023 | D:2      | Mangled by a black bear

Levels and vault maps discovered:
D:1:      wander_arrival_desolate, layout_rooms, serial_shops, shop_statue
D:2:      layout_rooms, ebering_ecumenical_altar_sacrificial, basic_altar,
          uniq_sigmund

Skill      XL: |  1  2 |
---------------+-------+-----
Axes           | 3 6 |  6.2
Fighting       | |  2.0
Throwing       | |  1.0
Armour         | |  1.1
Dodging        | |  2.1
Spellcasting   | |  2.0
Translocations | |  2.4

Action                   |  1- 3 |  4- 6 || total
-------------------------+-------+-------++-------
Melee: Hand axe          |    45 |    27 ||    72
       Kick              |    10 |     7 ||    17
       Peck              |     5 |     5 ||    10
Throw: Boomerang         |     7 |       ||     7
  Use: Scroll            |     4 |       ||     4
Armor: Leather armour    |    14 |     4 ||    18
Dodge: Dodged            |    30 |    24 ||    54

Table legend:
 A = Non-vault XP
 B = Vault XP
 C = Vault XP percentage of total XP
 D = Non-vault monster count
 E = Vault monster count
 F = Vault count percentage of total count
                 A         B        C        D         E       F
            +---------+---------+-------+---------+---------+-------
      Total |      48 |     214 |  81.7 |      23 |       1 |   4.2
            +---------+---------+-------+---------+---------+-------
        D:1 |      24 |       0 |   0.0 |      16 |       0 |   0.0
        D:2 |      24 |     214 |  89.9 |       7 |       1 |  12.5
            +---------+---------+-------+---------+---------+-------
